 Dungeon Crawl Stone Soup version 0.26-a0-580-g4860111 (webtiles) character file.

Game seed: 9351190146630379274

172 Hazorath the Sneak (level 5, -8/48 HPs)
             Began as a Kobold Brigand on Aug 24, 2020.
             Mangled by an ogre
             ... wielding a +0 giant club
              (16 damage)
             ... on level 4 of the Dungeon.
             The game lasted 00:05:21 (1580 turns).

Hazorath the Sneak (Kobold Brigand)                 Turns: 1580, Time: 00:05:21

Health: -8/48      AC: 22    Str:  8    XL:     5   Next: 83%
Magic:  5/5        EV:  3    Int: 13    God:
Gold:   73         SH:  0    Dex: 17    Spells: 4/4 levels left

rFire    . . .     SeeInvis .   k - -3 rapier (curse)
rCold    . . .     Faith    .   (shield restricted)
rNeg     + + +     Spirit   .   (armour currently unavailable)
rPois    +         Reflect  .   (helmet currently unavailable)
rElec    .         Harm     .   (cloak currently unavailable)
rCorr    .         NoTele   +   (gloves currently unavailable)
MR       .....                  (boots currently unavailable)
Stlth    ++++......             (no amulet)
HPRegen  0.16/turn              (no ring)
MPRegen  0.09/turn              (no ring)

@: brilliant, lethally poisoned (-8 -> -10), tree-form
A: small, nightstalker 3
a: no special abilities


You were on level 4 of the Dungeon.
You were a tree.
You visited 1 branch of the dungeon, and saw 5 of its levels.

You collected 73 gold pieces.

Inventory:

Hand Weapons
 g - a +2 dagger of venom
 j - a +2 dagger of freezing
 k - a cursed -3 rapier (weapon)
Missiles
 d - 6 poisoned darts (quivered)
 e - 2 curare-tipped darts
Armour
 b - a +0 robe (melded)
 c - a +0 cloak (melded)
 f - a +0 buckler
Scrolls
 i - a scroll of amnesia
Potions
 h - a potion of stabbing


   Skills:
 * Level 3.5 Fighting
 * Level 4.3 Short Blades
 * Level 3.6 Throwing
 - Level 1.2 Dodging
 - Level 5.3 Stealth
 * Level 1.8 Shields


You had 4 spell levels left.
You didn't know any spells.
Your spell library was empty.

Dungeon Overview and Level Annotations

Branches:
Dungeon (5/15)
 Temple: D:4-7

Altars:
Gozag


Innate Abilities, Weirdness & Mutations

You are small and have problems with some larger weapons.
You are completely attuned to the shadows.


Message History

You aren't carrying any items that you can evoke.
You hit the ogre.
The ogre is lightly wounded.
You feel sick. The orc priest hits you.
* * * LOW HITPOINT WARNING * * *
The orc hits you but does no damage.
An orc wizard comes into view. It is wielding a +0 dagger.
The worker ant bites you but does no damage.
You hit the ogre.
The ogre is moderately wounded.
The ogre hits you but does no damage.
The worker ant bites you but does no damage.
The orc priest begins to cast a cantrip, but forgets the words!
The orc completely misses you. The orc barely misses you.
You barely miss the ogre.
The ogre is moderately wounded.
The worker ant bites you but does no damage.
The orc priest hits you but does no damage.
The ogre hits you with a +0 giant club!
You die...

..## #.).... ........###..
..#.###..... .............
............ ......#......
#.o.#.............###....
#..##.............# #....
..#†.###.o..........####...
.....................##...>
#..##....oao.........#)#.##
####...#.O♣..............#
#....#.o...........##..#
#...................###.##
#......#............# #...
#.....##...........## #.#.
#.................# #...
##.....###........####...
#....## ####.....#......
###...# #.............


You could see an ogre, a worker ant, an orc priest, an orc wizard and 2 orcs.

Vanquished Creatures
  A howler monkey (D:4)
  An orc priest (D:3)
  An orc wizard (D:3)
  3 adders
  2 worms
  10 orcs
  A giant cockroach (D:2)
  7 goblins (D:3)
  2 hobgoblins
  2 quokkas (D:4)
  A bat (D:3)
  A frilled lizard (D:4)
  5 kobolds
  A rat (D:2)
38 creatures vanquished.

Vanquished Creatures (others)
  2 plants (D:2)
2 creatures vanquished.

Grand Total: 40 creatures vanquished

Notes
Turn   | Place    | Note
-------+----------+-------------------------------------------
     0 | D:1      | Hazorath the Kobold Brigand began the quest for the Orb.
     0 | D:1      | Reached XP level 1. HP: 12/12 MP: 1/1
   120 | D:2      | Reached XP level 2. HP: 17/18 MP: 2/2
   233 | D:3      | Reached XP level 3. HP: 22/22 MP: 3/3
   260 | D:3      | Reached skill level 1 in Shields
   571 | D:3      | Reached XP level 4. HP: 28/28 MP: 4/4
   884 | D:3      | Found an opulent altar of Gozag.
   920 | D:3      | Reached XP level 5. HP: 32/32 MP: 5/5
  1079 | D:5      | Entered Level 5 of the Dungeon
  1562 | D:4      | Noticed an ogre
  1580 | D:4      | Mangled by an ogre

Illustrated notes

Levels and vault maps discovered:
D:1:      scummos_arrival_simple_fountains, layout_loops_ring
D:2:      wad_lake_hut, layout_loops_ring, lexackson_kobold_supper, uniq_terence
D:3:      kennysheep_the_goblin_king, layout_basic,
          gammafunk_temple_overflow_wave,
          nicolae_gozag_cash_rules_everything_around_me
D:4:      layout_cave_pools
D:5:      layout_cave_pods, temple_pool_b

Skill      XL: |  1  2  3  4  5 |
---------------+----------------+-----
Short Blades   | 3 4 |  4.3
Shields        | 1 |  1.8
Fighting       | 3 |  3.5
Throwing       | 3 |  3.6
Dodging        | |  1.2
Stealth        | |  5.3

Action                   |  1- 3 |  4- 6 || total
-------------------------+-------+-------++-------
Melee: Dagger            |    47 |    24 ||    71
       Rapier            |       |    34 ||    34
Throw: Dart              |    22 |       ||    22
  Use: Scroll            |     1 |     2 ||     3
       Potion            |       |     5 ||     5
 Stab: Sleeping          |     2 |    11 ||    13
       Distracted        |       |     1 ||     1
Armor: Robe              |    12 |     8 ||    20
       Skin              |       |    10 ||    10
Dodge: Dodged            |    41 |    53 ||    94

Table legend: (Time is in decaauts)
 A = Elapsed time spent in this place.
 B = Non-inter-level travel time spent in this place.
 C = Inter-level travel time spent in this place.
 D = Time resting spent in this place.
 E = Time spent auto-exploring this place.
 F = Levels seen in this place.
 G = Mean time per level.
                   A        B        C        D        E       F      G
               +--------+--------+--------+--------+--------+-----+--------+
         Total |   1564 |   1477 |     87 |    115 |   1030 |   5 |  312.8 |
       Dungeon |   1564 |   1477 |     87 |    115 |   1030 |   5 |  312.8 |
               +--------+--------+--------+--------+--------+-----+--------+

Top non-repeatable levels by time:
     D:3: 816 daAuts
     D:4: 435 daAuts
     D:5: 149 daAuts
     D:2: 127 daAuts
     D:1: 37 daAuts
